 Dungeon Crawl Stone Soup version 0.26.1-2-gb8aa6d0cf2 (webtiles) character file.

Game seed: 12629649522488102079

79 iforgotmypw the Conjurer (level 4, 6/46 HPs)
             Began as a Human Hedge Wizard on Feb 23, 2021.
             Quit the game on level 3 of the Dungeon.
             The game lasted 00:11:51 (2548 turns).

iforgotmypw the Conjurer (Human Hedge Wizard)       Turns: 2548, Time: 00:11:51

Health: 6/46       AC:  3    Str: 11    XL:     4   Next: 64%
Magic:  5/8        EV: 13    Int: 15    God:
Gold:   127        SH:  0    Dex: 12    Spells: 8/9 levels left

rFire    . . .     SeeInvis .   a - +0 dagger
rCold    . . .     Faith    .   (no shield)
rNeg     . . .     Spirit   .   n - +0 robe (curse)
rPois    .         Reflect  .   c - +0 hat
rElec    .         Harm     .   (no cloak)
rCorr    .         Rampage  .   (no gloves)
Will     .....                  d - +0 pair of boots
Stlth    ..........             (no amulet)
HPRegen  0.15/turn              (no ring)
MPRegen  0.11/turn              (no ring)

@: brilliant, berserking (expiring), very quick
A: no striking features
a: no special abilities


You were on level 3 of the Dungeon.
You visited 1 branch of the dungeon, and saw 3 of its levels.

You collected 127 gold pieces.

Inventory:

Hand Weapons
 a - a +0 dagger (weapon)
 h - a +0 short sword
 v - a +0 morningstar
Missiles
 i - 38 bolts
Armour
 b - a +0 robe
 c - a +0 hat (worn)
 d - a +0 pair of boots (worn)
 f - a +0 leather armour
 n - a cursed +0 robe (worn)
 w - a +0 ring mail
Jewellery
 x - a cursed ring of attention {unknown}
Scrolls
 g - 6 scrolls of identify {unknown}
 k - a scroll of magic mapping {unknown}
 m - 2 scrolls of teleportation {unknown}
 q - 3 scrolls of noise {unknown}
 s - a scroll of enchant weapon {unknown}
Potions
 l - a potion of mutation {unknown}
 p - a potion of degeneration {unknown}
 r - a potion of might {unknown}
 t - a potion of curing {unknown}
 u - a potion of attraction {unknown}


   Skills:
 + Level 0.5 Fighting
 - Level 2.8 Dodging
 - Level 2.0 Stealth
 - Level 3.0 Spellcasting
 - Level 3.3 Conjurations
 - Level 1.0 Summonings
 - Level 1.0 Translocations


You had 8 spell levels left.
You knew the following spells:

 Your Spells              Type           Power        Failure   Level
a - Magic Dart            Conj           72%          4%          1

Your spell library contained the following spells:

 Spells                   Type           Power        Failure   Level
 Blink                    Tloc           N/A          21%         2
 Call Imp                 Summ           7%           21%         2
 Slow                     Hex            3%           30%         2
 Conjure Flame            Conj/Fire      10%          30%         3
 Mephitic Cloud           Conj/Pois/Air  8%           36%         3


Dungeon Overview and Level Annotations

Branches:
Dungeon (3/15)

Altars:
Uskayaw


Message History

* * * LOW HITPOINT WARNING * * *
Unknown command.
You barely miss the orc.
The orc is heavily wounded.
An orc wizard appears from thin air!
Reactivating autopickup.
The orc barely misses you.
The orc wizard points at itself and mumbles some strange words.
The orc wizard flickers and vanishes!
Deactivating autopickup; reactivate with Ctrl-A.
You closely miss the orc.
The orc is heavily wounded.
The orc closely misses you.
Unknown command.
You hit the orc but do no damage.
The orc is heavily wounded.
The orc hits you but does no damage. Something hits you.
* * * LOW HITPOINT WARNING * * *
Unknown command.
Are you sure you want to abandon this character and quit the game? (Confirm with "yes".)

#.#### #....#
#o.#.# #..# # #..#
####..# #.....#.###
#.oo........
#{@##.#.###.
#.####..##.#.#
#..........#.#
######..####>###.#
#..# #.....
#..###..###.#..
#..)..(>......#
#######.#########.#
#....<......#


You could see 2 orcs.

Vanquished Creatures
  A hound (D:2)
  An ooze (D:2)
  A worm (D:2)
  2 leopard geckos
  2 orcs (D:3)
  9 bats
  A giant cockroach (D:1)
  6 goblins
  A hobgoblin (D:3)
  3 jackals (D:1)
  A quokka (D:2)
  A frilled lizard (D:2)
  6 kobolds
  2 rats
37 creatures vanquished.

Notes
Turn   | Place    | Note
-------+----------+-------------------------------------------
     0 | D:1      | iforgotmypw the Human Hedge Wizard began the quest for the
                  | Orb.
     0 | D:1      | Reached XP level 1. HP: 13/13 MP: 4/4
   164 | D:1      | Reached XP level 2. HP: 18/19 MP: 0/6
  1048 | D:2      | Reached XP level 3. HP: 24/24 MP: 5/7
  1256 | D:2      | Found a hide-covered altar of Uskayaw.
  1493 | D:2      | Reached XP level 4. HP: 30/30 MP: 1/8
  2548 | D:3      | Quit the game

Illustrated notes

Levels and vault maps discovered:
D:1:      dpeg_arrival_tiny_a, layout_loops_cross
D:2:      layout_basic, old_standard_altar
D:3:      layout_loops_ring, lemuel_coloured_pillars_altar

Skill      XL: |  1  2  3 |
---------------+----------+-----
Conjurations   | 2 3 |  3.3
Fighting       | |  0.5
Dodging        | |  2.8
Stealth        | |  2.0
Spellcasting   | |  3.0
Summonings     | |  1.0
Translocations | |  1.0

Action                   |  1- 3 |  4- 6 || total
-------------------------+-------+-------++-------
Melee: Short sword       |     8 |       ||     8
       Dagger            |    33 |    15 ||    48
 Cast: Magic Dart        |    54 |    34 ||    88
  Use: Potion            |       |     3 ||     3
 Stab: Sleeping          |     1 |       ||     1
Armor: Leather armour    |    23 |       ||    23
       Robe              |     6 |     5 ||    11
Dodge: Dodged            |    50 |    23 ||    73
